 Dungeon Crawl Stone Soup version 0.30-a0-1160-g6e42c06551 (webtiles) character file.

Game seed: 15824797319321577730

8012 minimino the Basher (level 11, -5/97 HPs)
             Began as a Minotaur Fighter on Apr 26, 2023.
             Was an Initiate of Gozag.
             Slain by an orc
             ... wielding a +0 halberd
              (11 damage)
             ... in a bailey.
             The game lasted 00:38:17 (8877 turns).

minimino the Basher (Minotaur Fighter)              Turns: 8877, Time: 00:38:18

Health: -5/97      AC: 17    Str: 36    XL:     11   Next: 4%
Magic:  10/10      EV: 10    Int:  7    God:    Gozag
Gold:   2899       SH:  5    Dex:  9    Spells: 10/10 levels left

rFire   . . .        G - +8 mace (freeze)
rCold   . . .        c - +0 buckler
rNeg    . . .        m - +0 plate armour
rPois   .            w - +2 hat
rElec   .            d - +0 cloak
rCorr   .            (no gloves)
SInv    .            (no boots)
Will    .....        (no amulet) Stlth
                     j - +6 ring of strength
HPRegen 0.36/turn    q - +6 ring of strength
MPRegen 0.12/turn

%: no passive effects
@: no status effects
A: horns 2, retaliatory headbutt
a: Renounce Religion, Potion Petition, Call Merchant, Bribe Branch


You were in a bailey.
You worshipped Gozag.
Gozag was most pleased with you.
You visited 1 branch of the dungeon, and saw 9 of its levels.
You also visited: Bailey.

You collected 2963 gold pieces.
You paid 64 gold pieces to Gozag.

Inventory:

Hand Weapons
 a - a +1 flail
 v - a +0 dire flail
 G - a +8 mace of freezing (weapon)
Missiles
 o - 2 throwing nets (quivered)
Armour
 c - a +0 buckler (worn)
 d - a +0 cloak (worn)
 m - a +0 plate armour (worn)
 r - a +2 ring mail of cold resistance
 w - a +2 hat (worn)
Jewellery
 b - a +5 ring of evasion
 f - a ring of protection from cold
 j - a +6 ring of strength (left hand)
 q - a +6 ring of strength (right hand)
 x - a ring of ice
Wands
 B - a wand of flame (22)
 F - a wand of mindburst (20)
 I - a wand of paralysis (14)
Scrolls
 e - a scroll of amnesia
 g - a scroll of identify
 p - a scroll of blinking
 u - 2 scrolls of poison
 y - 2 scrolls of fear
Potions
 h - 2 potions of cancellation {unknown}
 i - 2 potions of brilliance
 k - 5 potions of curing
 l - 5 potions of might
 n - a potion of haste {unknown}
 s - a potion of degeneration
 t - a potion of invisibility
 z - 3 potions of magic
 A - 4 potions of heal wounds
 C - a potion of resistance {unknown}
 D - 2 potions of flight {unknown}
 E - 2 potions of lignification {unknown}
 H - 2 potions of mutation {unknown}


   Skills:
 * Level 9.1 Fighting
 * Level 13.0 Maces & Flails
 * Level 9.7 Armour
 * Level 6.2 Dodging
 - Level 2.1 Stealth
 * Level 7.6 Shields


You had 10 spell levels left.
You didn't know any spells.
Your spell library contained the following spells:

 Spells                   Type           Power      Damage    Failure   Level
 Static Discharge         Conj/Air       0%         2-2/arc   99%         2
 Portal Projectile        Hex/Tloc       0%         N/A       100%        3
 Tukima's Dance           Hex            0%         N/A       100%        3
 Vhi's Electric Charge    Tloc/Air       0%         N/A       100%        3
 Airstrike                Air            0%         2d(0-16)  100%        4
 Cause Fear               Hex            0%         N/A       100%        4
 Summon Lightning Spire   Summ/Air       0%         N/A       100%        4
 Arcjolt                  Conj/Air       0%         1d10      100%        5
 Blade Hands              Tmut           0%         N/A       100%        5
 Plasma Beam              Fire/Air       0%         2x1d11    100%        6
 Dragon Form              Tmut           0%         N/A       100%        7
 Dragon's Call            Summ           0%         N/A       100%        9


Dungeon Overview and Level Annotations

Branches:
Dungeon (9/15)             Temple (0/1) D:7            Lair (0/5) D:8
 Bailey (1/1)
    Orc: D:9-12

Altars:
Dithmenos
Elyvilon
Fedhas
Gozag
Zin

Shops:
D:6 (   D:7 :


Innate Abilities, Weirdness & Mutations

You have a pair of horns on your head.
You reflexively headbutt those who attack you in melee.


Message History

The orc warrior misses you. The orc closely misses you.
The orc knight roars a battlecry!
The orcs go into a battle-frenzy!
You block the orc's attack.
There is an open door, spattered with blood here.
You barely miss the orc warrior. You block the orc warrior's attack.
You block the orc's attack.
The orc knight hits you with a +0 halberd!
The orc hits you from afar with a +0 spear.
You hit the orc warrior but do no damage.
The orc warrior hits you with a +0 glaive!!
The orc closely misses you. The orc knight barely misses you.
You furiously retaliate!
You headbutt the orc knight. You block the orc's attack.
You closely miss the orc warrior. Your headbutt misses the orc warrior.
You hit the orc warrior. You freeze the orc warrior.
The orc warrior is lightly wounded.
The orc warrior closely misses you. You furiously retaliate!
You headbutt the orc warrior. The orc barely misses you.
The orc knight hits you with a +0 halberd.
The orc completely misses you.
You barely miss the orc warrior.
The orc warrior is moderately wounded.
The orc warrior hits you with a +0 glaive!
* * * LOW HITPOINT WARNING * * *
The orc closely misses you.
The orc knight hits you but does no damage.
The orc closely misses you.
You feel better.
The orc warrior hits you with a +0 glaive!
* * * LOW HITPOINT WARNING * * *
The orc hits you but does no damage.
The orc knight hits you with a +0 halberd!
* * * LOW HITPOINT WARNING * * *
The orc hits you but does no damage.
The orc knight attacks as you move away!
The orc knight barely misses you. The orc attacks as you move away!
The orc hits you with a +0 halberd!
You die...
Your body crumbles into a pile of gold.

# ####### ###########
.#########.....## ##........∩.
..#.....#.......######.....#.....
..'.o...'...##.o#....#....###....
..'.....'....8.o@....'.....8.....
..'.....'...##oo#....#...)###....
..#.....#.....))######....)#.....
.#########....)## ##.).)....∩. #
####### ###########


You could see an orc knight, an orc warrior (strong) and 2 orcs.

Vanquished Creatures
  A two-headed ogre (D:6)
  A gargoyle (D:9)
  Maggie (D:7)
  Grinder (D:6)
  A hornet (D:9)
  A wyvern (D:8)
  11 yaks (D:8)
  Menkaure (D:6)
  2 water moccasins
  Duvessa (D:5)
  An orc warrior (D:6)
  2 ice beasts
  A sky beast (D:8)
  7 black bears
  2 ogres
  3 centaurs
  A phantom (D:5)
  A bullfrog (D:7)
  2 kobold brigands
  A gnoll sergeant (D:8)
  3 scorpions
  8 wights (D:8)
  Dowan (D:5)
  13 killer bees
  6 howler monkeys
  3 hounds (D:5)
  2 orc priests (D:7)
  A gnoll bouda (D:8)
  3 jellies
  An iguana (D:4)
  8 sleepcaps
  Natasha (twice) (D:2)
  8 orc wizards
  Robin (D:2)
  9 gnolls
  8 adders
  5 shadow imps
  3 white imps
  A worm (D:2)
  4 dart slugs
  40 orcs
  7 ball pythons
  8 endoplasms
  A giant cockroach (D:4)
  20 goblins
  11 hobgoblins
  3 jackals (D:1)
  21 kobolds
  A quokka (D:3)
  6 bats
  4 frilled lizards
  4 rats
258 creatures vanquished.

Vanquished Creatures (others)
  A bush (D:8)
1 creature vanquished.

Grand Total: 259 creatures vanquished

Notes
Turn   | Place    | Note
-------+----------+-------------------------------------------
     0 | D:1      | minimino the Minotaur Fighter began the quest for the Orb.
     0 | D:1      | Reached XP level 1. HP: 19/19 MP: 0/0
   190 | D:1      | Reached XP level 2. HP: 26/27 MP: 1/1
   866 | D:2      | Reached XP level 3. HP: 31/33 MP: 2/2
  1002 | D:2      | Reached skill level 1 in Dodging
  1061 | D:2      | Noticed Robin
  1073 | D:2      | Reached skill level 3 in Maces & Flails
  1080 | D:2      | Killed Robin
  1081 | D:2      | Reached XP level 4. HP: 23/40 MP: 3/3
  1344 | D:2      | Noticed Natasha
  1353 | D:2      | Killed Natasha
  1354 | D:2      | Reached skill level 1 in Stealth
  1629 | D:2      | Noticed Natasha
  1643 | D:2      | Killed Natasha
  1644 | D:2      | Reached XP level 5. HP: 23/46 MP: 4/4
  1776 | D:2      | Found a faded altar of an unknown god.
  2660 | D:3      | Found a white marble altar of Elyvilon.
  2661 | D:3      | Found an opulent altar of Gozag.
  2666 | D:3      | Became a worshipper of Gozag Ym Sagoz the Greedy
  2968 | D:3      | Reached skill level 4 in Maces & Flails
  3191 | D:4      | Noticed a black bear
  3194 | D:4      | Noticed a black bear
  3196 | D:4      | Killed a black bear
  3197 | D:4      | Reached skill level 5 in Armour
  3197 | D:4      | Reached XP level 6. HP: 46/53 MP: 5/5
  3261 | D:4      | Reached skill level 5 in Maces & Flails
  3484 | D:4      | Reached XP level 7. HP: 60/60 MP: 6/6
  3761 | D:5      | Entered Level 5 of the Dungeon
  3799 | D:5      | Reached skill level 5 in Fighting
  3799 | D:5      | Reached skill level 6 in Maces & Flails
  4034 | D:5      | Found a shadowy altar of Dithmenos.
  4035 | D:5      | Found a glowing silver altar of Zin.
  4164 | D:5      | Noticed Duvessa
  4164 | D:5      | Noticed Dowan
  4175 | D:5      | Killed Duvessa
  4176 | D:5      | Reached skill level 7 in Maces & Flails
  4176 | D:5      | Reached skill level 5 in Shields
  4182 | D:5      | Killed Dowan
  4183 | D:5      | Reached XP level 8. HP: 61/68 MP: 7/7
  4612 | D:6      | Noticed Grinder
  4619 | D:6      | Noticed Menkaure
  4643 | D:6      | Noticed a two-headed ogre
  4654 | D:6      | Reached skill level 8 in Maces & Flails
  4666 | D:6      | Killed a two-headed ogre
  4667 | D:6      | Reached skill level 9 in Maces & Flails
  4667 | D:6      | Reached XP level 9. HP: 31/75 MP: 8/8
  4701 | D:6      | Found Xiets's Antique Weapon Shoppe.
  5076 | D:6      | Reached skill level 10 in Maces & Flails
  5229 | D:6      | Killed Menkaure
  5334 | D:6      | Killed Grinder
  5732 | D:7      | Noticed Maggie
  5754 | D:7      | Killed Maggie
  5928 | D:7      | Found a staircase to the Ecumenical Temple.
  6041 | D:7      | Reached skill level 11 in Maces & Flails
  6041 | D:7      | Reached skill level 5 in Dodging
  6591 | D:7      | Reached XP level 10. HP: 86/86 MP: 9/9
  6640 | D:7      | Found Sepor's Book Shop.
  7042 | D:8      | Found a staircase to the Lair.
  7696 | D:8      | Reached skill level 12 in Maces & Flails
  8210 | D:8      | Found a blossoming altar of Fedhas.
  8330 | D:8      | Identified a scroll of acquirement
  8330 | D:8      | Acquired 977 gold pieces
  8353 | D:9      | Noticed a gargoyle
  8372 | D:9      | Killed a gargoyle
  8406 | D:9      | Reached XP level 11. HP: 69/97 MP: 10/10
  8425 | D:9      | Reached skill level 13 in Maces & Flails
  8681 | D:9      | Found a flagged portal.
  8698 | Bailey   | Entered a bailey
  8843 | Bailey   | Noticed an orc knight
  8877 | Bailey   | Slain by an orc

Illustrated notes

Levels and vault maps discovered:
D:1:      tarquinn_simple_flora_water_d, layout_loops_ring
D:2:      minmay_skewed_foursquare, layout_loops_corners,
          shapermc_ecumenical_altar_gd, st_stairs_11, grunt_ministairs_9,
          uniq_natasha, uniq_robin
D:3:      layout_basic, nicolae_overflow_squiral, minmay_distorted
D:4:      layout_loops_ring, hellmonk_no_cap
D:5:      layout_loops_ring, gammafunk_temple_overflow_pools, uniq_duvessa
D:6:      layout_rooms, serial_shops, shop, minmay_puff, uniq_menkaure,
          uniq_grinder
D:7:      layout_gridville, minmay_temple_entry_glass, serial_shops,
          shop_statue, uniq_maggie
D:8:      layout_loops_ring, mainiacjoe_overflow_alcove_2, lair_entry_dummy,
          kennysheep_decorative_pillar, kb_lookout_dungeons_type
D:9:      layout_cave_pools, mainiacjoe_overflow_alcove_4, enter_bailey_3,
          ebering_ghost_disaster_area
Bailey:   bailey_polearm_5, bailey

Skill      XL: |  1  2  3  4  5  6  7  8  9 10 11 |
---------------+----------------------------------+-----
Shields        | 4 5 6 7 |  7.6
Fighting       | 4 5 6 7 9 |  9.1
Armour         | 4 5 6 7 8 9 |  9.7
Dodging        | 1 2 3 4 5 6 |  6.2
Maces & Flails | 3 4 5 7 9 11 12 13 | 13.0
Stealth        | 1 2 |  2.1

Action                     |  1- 3 |  4- 6 |  7- 9 | 10-12 || total
---------------------------+-------+-------+-------+-------++-------
  Melee: Flail             |    70 |   137 |   245 |   101 ||   553
         Headbutt          |     9 |    12 |    40 |    35 ||    96
         Mace              |       |       |       |   112 ||   112
    Use: Scroll            |     6 |     2 |     5 |     7 ||    20
         Potion            |     4 |       |       |     1 ||     5
   Stab: Distracted        |       |       |     1 |       ||     1
 Armour: Scale mail        |    40 |    26 |       |       ||    66
         Plate armour      |       |    42 |   158 |   110 ||   310
  Dodge: Dodged            |    30 |    63 |   109 |   130 ||   332
  Block: Buckler           |    14 |    26 |    55 |    69 ||   164

Table legend: (Time is in decaauts)
 A = Elapsed time spent in this place.
 B = Non-inter-level travel time spent in this place.
 C = Inter-level travel time spent in this place.
 D = Time resting spent in this place.
 E = Time spent auto-exploring this place.
 F = Levels seen in this place.
 G = Mean time per level.
                   A        B        C        D        E       F      G
               +--------+--------+--------+--------+--------+-----+--------+
         Total |   8889 |   8149 |    740 |    778 |   5161 |  10 |  888.9 |
       Dungeon |   8715 |   7975 |    740 |    778 |   5089 |   9 |  968.3 |
        Bailey |    174 |    174 |      0 |      0 |     72 |   1 |  174.0 |
               +--------+--------+--------+--------+--------+-----+--------+

Top non-repeatable levels by time:
     D:2: 1355 daAuts
     D:7: 1345 daAuts
     D:8: 1279 daAuts
     D:5: 1080 daAuts
     D:3: 931 daAuts
     D:1: 839 daAuts
     D:6: 834 daAuts
     D:4: 697 daAuts
     D:9: 351 daAuts
  Bailey: 174 daAuts
